 Dungeon Crawl Stone Soup version 0.21.1-1-g345015fe64 (webtiles) character file.

6002 Freyura the Cleaver (level 10, -13/89 HPs)
             Began as a Minotaur Fighter on May 19, 2018.
             Was a Priest of the Shining One.
             Mangled by a two-headed ogre
             ... wielding a +0 giant club
              (20 damage)
             ... on level 9 of the Dungeon.
             The game lasted 00:20:19 (7271 turns).

Freyura the Cleaver (Minotaur Fighter)              Turns: 7271, Time: 00:20:19

Health: -13/89     AC: 14    Str: 21    XL:     10   Next: 55%
Magic:  13/13      EV: 13    Int:  5    God:    the Shining One [***...]
Gold:   445        SH: 11    Dex: 16    Spells: 9/9 levels left

rFire    . . .     SeeInvis .   a - +0 war axe
rCold    . . .     Gourm    .   c - +0 shield
rNeg     + + .     Faith    .   b - +0 scale mail
rPois    .         Spirit   .   (helmet restricted)
rElec    .         Reflect  .   r - +0 cloak
rCorr    .         Harm     .   h - +2 pair of gloves {Dex+3}
MR       +....                  o - +0 pair of boots
Stlth    ..........             (no amulet)
HPRegen  0.24/turn              F - ring of protection from magic
MPRegen  0.13/turn              B - ring of positive energy

@: glowing
A: retaliatory headbutt, horns 2
a: Divine Shield, Renounce Religion


You were on level 9 of the Dungeon.
You worshipped the Shining One.
The Shining One was most pleased with you.
You were full.

You visited 1 branch of the dungeon, and saw 9 of its levels.

You collected 445 gold pieces.

Inventory:

Hand Weapons
 a - a +0 war axe (weapon)
Armour
 b - a +0 scale mail (worn)
 c - a +0 shield (worn)
 h - a +2 pair of gloves of dexterity (worn)
 o - a +0 pair of boots (worn)
 r - a +0 cloak (worn)
Jewellery
 e - an uncursed ring of flight
 B - a ring of positive energy (right hand)
 E - an uncursed amulet of magic regeneration
 F - a ring of protection from magic (left hand)
Wands
 D - a wand of polymorph (21)
Scrolls
 f - 2 scrolls of teleportation {unknown}
 g - 2 scrolls of identify
 i - 3 scrolls of remove curse
 j - a scroll of noise {unknown}
 k - a scroll of fear
 l - a scroll of blinking {unknown}
 n - 2 scrolls of enchant armour
 t - 2 scrolls of immolation {unknown}
 v - a scroll of amnesia
 y - a scroll of fog {unknown}
 z - 2 scrolls of enchant weapon {unknown}
 A - a scroll of magic mapping {unknown}
Potions
 d - a potion of mutation
 m - 2 potions of flight
 p - a potion of resistance {unknown}
 s - 4 potions of brilliance
 u - 2 potions of might
 w - 2 potions of curing
 x - 3 potions of berserk rage {unknown}
 C - a potion of ambrosia {unknown}
 G - a potion of haste {unknown}
Books
 H - a book of Air

   Spells                             Type                      Level
   a - Shock                          Conjuration/Air              1
   b - Swiftness                      Charms/Air                   2
   c - Static Discharge               Conjuration/Air              3
   d - Airstrike                      Air                          4
   e - Lightning Bolt                 Conjuration/Air              5
Comestibles
 q - 5 rations


   Skills:
 + Level 8.3 Fighting
 * Level 10.6 Axes
 + Level 8.1 Armour
 + Level 6.4 Dodging
 + Level 8.1 Shields
 + Level 5.5 Invocations


You had 9 spell levels left.
You didn't know any spells.

Dungeon Overview and Level Annotations

Branches:
Dungeon (9/15)             Temple (0/1) D:4
   Lair: D:8-11         Orc: D:9-12

Altars:
Cheibriados
Fedhas
Okawaru
Qazlal
The Shining One

Annotations:
D:5 Blork the orc


Innate Abilities, Weirdness & Mutations

You reflexively headbutt those who attack you in melee.
You have a pair of horns on your head.


Message History

* * * LOW HITPOINT WARNING * * *
The two-headed ogre barely misses you.
You hit the two-headed ogre.
The two-headed ogre is severely wounded.
You block the two-headed ogre's attack. x2
You hit the two-headed ogre.
The two-headed ogre is severely wounded.
You completely miss the two-headed ogre.
You headbutt the two-headed ogre, but do no damage.
The two-headed ogre is severely wounded.
The two-headed ogre hits you with a giant club!
* * * LOW HITPOINT WARNING * * *
The two-headed ogre hits you with a giant club!
* * * LOW HITPOINT WARNING * * *
You feel better. You block the two-headed ogre's attack.
The two-headed ogre closely misses you.
You slash the two-headed ogre!
The two-headed ogre is almost dead.
The two-headed ogre hits you with a giant club!!
You die...

#.....# ########
#.....# #......#
#.....## #......+
#.....'. #......#
#.....#. #......#
#....)## #...>..#
+.....# #...O..#
#.....# #@# #.....#
#.# ##..### #.#
####..## #.#
#......# ###.####
#./....#
#......#####......#
#..........#......#
#......###.'......#
#......# ###......#


You could see a two-headed ogre.

Vanquished Creatures
  The ghost of yafkata the Severer, a novice MiBe of Trog (D:9)
  A two-headed ogre (D:9)
  Pikel (D:4)
  The ghost of lrwvr the Sneak, a novice DsAs (D:6)
  The ghost of Dommiel19 the Poker, an amateur NaFi (D:3)
  Prince Ribbit (D:6)
  A hippogriff (D:8)
  Sigmund (D:4)
  Eustachio (D:4)
  A hungry ghost (D:9)
  A wyvern (D:8)
  2 sky beasts (D:7)
  A phantom (D:5)
  2 slaves (D:4)
  An orc warrior (D:7)
  A black bear (D:3)
  A necrophage (D:9)
  4 ogres
  3 centaurs
  4 bullfrogs
  A gnoll sergeant (D:7)
  A scorpion (D:6)
  4 jellies
  2 howler monkeys
  3 crimson imps
  A centaur zombie (D:6)
  A bullfrog zombie (D:5)
  3 hounds
  A gnoll shaman (D:8)
  3 orc priests (D:3)
  Crazy Yiuf (D:2)
  5 orc wizards
  2 bullfrog skeletons
  A centaur skeleton (D:8)
  4 iguanas
  5 worker ants
  A hound zombie (D:8)
  A hound skeleton (D:7)
  2 worker ant zombies
  7 adders
  14 gnolls
  2 adder zombies
  2 adder skeletons
  3 worms
  2 dart slugs
  6 leopard geckos
  16 orcs
  9 bats
  7 giant cockroaches
  12 goblins
  6 hobgoblins
  11 jackals
  4 quokkas
  2 ball pythons
  4 frilled lizards
  A giant cockroach zombie (D:5)
  9 kobolds
  A leopard gecko zombie (D:5)
  A quokka skeleton (D:5)
  A quokka zombie (D:5)
  6 rats
198 creatures vanquished.

Vanquished Creatures (others)
  2 slaves (D:4)
  A worm (D:4)
  An orc (D:4)
  2 giant cockroaches (D:4)
6 creatures vanquished.

Grand Total: 204 creatures vanquished

Notes
Turn   | Place    | Note
-------+----------+-------------------------------------------
     0 | D:1      | Freyura the Minotaur Fighter began the quest for the Orb.
     0 | D:1      | Reached XP level 1. HP: 19/19 MP: 0/0
    29 | D:1      | Reached XP level 2. HP: 27/27 MP: 1/1
    60 | D:1      | Reached skill level 3 in Axes
   405 | D:1      | Found a glowing golden altar of the Shining One.
   414 | D:1      | Became a worshipper of the Shining One
   435 | D:1      | Reached skill level 1 in Dodging
   435 | D:1      | Reached XP level 3. HP: 33/33 MP: 2/2
  1138 | D:2      | Found a faded altar of an unknown god.
  1404 | D:2      | Found a runed door.
  1584 | D:2      | Reached XP level 4. HP: 37/40 MP: 3/3
  1776 | D:2      | Noticed Crazy Yiuf
  1782 | D:2      | Killed Crazy Yiuf
  1929 | D:3      | Reached skill level 4 in Axes
  1951 | D:3      | Reached XP level 5. HP: 43/46 MP: 4/4
  2093 | D:3      | Reached skill level 1 in Invocations
  2095 | D:3      | Reached XP level 6. HP: 30/53 MP: 5/5
  2125 | D:3      | Reached skill level 5 in Axes
  2237 | D:3      | Reached * piety under the Shining One
  2470 | D:3      | Noticed Dommiel19's ghost (amateur NaFi)
  2484 | D:3      | Killed Dommiel19's ghost
  2484 | D:3      | Reached skill level 5 in Fighting
  2484 | D:3      | Reached skill level 5 in Armour
  2484 | D:3      | Reached skill level 5 in Shields
  2484 | D:3      | Reached XP level 7. HP: 37/61 MP: 7/7
  2861 | D:4      | Noticed Pikel
  2880 | D:4      | Killed Pikel
  2880 | D:4      | Reached skill level 6 in Axes
  2880 | D:4      | Reached XP level 8. HP: 26/70 MP: 7/9
  2947 | D:4      | Reached skill level 7 in Axes
  3030 | D:4      | Noticed Eustachio
  3039 | D:4      | Killed Eustachio
  3096 | D:4      | Found a staircase to the Ecumenical Temple.
  3597 | D:4      | Noticed Sigmund
  3604 | D:4      | Killed Sigmund
  3617 | D:5      | Entered Level 5 of the Dungeon
  3630 | D:5      | Found a blossoming altar of Fedhas.
  3939 | D:5      | Reached ** piety under the Shining One
  3949 | D:5      | Reached skill level 8 in Axes
  3949 | D:5      | Reached XP level 9. HP: 74/78 MP: 10/10
  4238 | D:5      | Noticed Blork the orc
  4560 | D:6      | Noticed lrwvr's ghost (novice DsAs)
  4572 | D:6      | Killed lrwvr's ghost
  4811 | D:6      | Reached skill level 5 in Dodging
  4828 | D:6      | Noticed Prince Ribbit
  4840 | D:6      | Killed Prince Ribbit
  4923 | D:6      | Reached skill level 9 in Axes
  5108 | D:6      | Found a snail-covered altar of Cheibriados.
  5109 | D:6      | Found a stormy altar of Qazlal.
  5827 | D:7      | Found an iron altar of Okawaru.
  6286 | D:8      | Reached XP level 10. HP: 78/88 MP: 12/12
  6541 | D:8      | Reached skill level 5 in Invocations
  6542 | D:8      | Reached *** piety under the Shining One
  6912 | D:9      | Reached skill level 10 in Axes
  6916 | D:9      | Noticed yafkata's ghost (novice MiBe)
  6925 | D:9      | Killed yafkata's ghost
  7226 | D:9      | Noticed a two-headed ogre
  7233 | D:9      | Killed a two-headed ogre
  7261 | D:9      | Noticed a two-headed ogre
  7269 | D:9      | HP: 1/89 [two-headed ogre/giant club (9)]
  7271 | D:9      | Mangled by a two-headed ogre

Skill      XL: |  1  2  3  4  5  6  7  8  9 10 |
---------------+-------------------------------+-----
Axes           | 3 4 5 6 8 9 10 | 10.6
Dodging        | 1 2 3 4 5 6 |  6.4
Fighting       | 4 5 6 7 8 |  8.3
Armour         | 4 5 6 7 8 |  8.1
Shields        | 4 5 6 7 8 |  8.1
Invocations    | 1 2 3 4 5 |  5.5

Action                   |  1- 3 |  4- 6 |  7- 9 | 10-12 || total
-------------------------+-------+-------+-------+-------++-------
Melee: War axe           |    87 |    95 |   252 |    78 ||   512
       Headbutt          |    14 |    23 |    60 |    16 ||   113
  Use: Potion            |       |     3 |     1 |     2 ||     6
       Scroll            |       |       |     7 |     1 ||     8
  Eat: Ration            |     2 |       |     4 |     2 ||     8
Armor: Scale mail        |    44 |    46 |    54 |    16 ||   160
Dodge: Dodged            |    34 |    20 |    78 |    25 ||   157
Block: Shield            |    55 |    50 |   143 |    37 ||   285
